Workbook
Name AdditionalInfoiiiRemarks: 'Review Template'!$F$131
Name AdditionalInfoiiRemarks: 'Review Template'!$F$130
Name AdditionalInfoiRemarks: 'Review Template'!$F$129
Name cc: #REF!
Name Consultant: Clarification!#REF!
Name Countries: 'Review Template'!$K$14
Name CountriesPicklist: Countries!#REF!
Name Country: 'Review Template'!$K$14
Name Country_ies: [1]Countires!$A1048564:$A144
Name Criteria4: Clarification!$B$18:$E$18
Name DateOfReview: 'Review Template'!$H$13
Name Geographical: Clarification!$B$10:$F$10
Name GeographicalClassification: 'Review Template'!$D$18
Name GeographicalComments: 'Review Template'!$K$18
Name ID: 'Review Template'!$D$1
Name Independance: Clarification!$B$15:$D$15
Name IndependenceClassification: 'Review Template'!$D$27
Name IndependenceComments: 'Review Template'!$K$27
Name levelofindependance: Clarification!$B$15:$E$15
Name manage: Clarification!$B$11:$H$11
Name Management: Clarification!$B$11:$I$11
Name ManagementClassification: 'Review Template'!$D$19
Name ManagementComments: 'Review Template'!$K$19
Name MTSP: Clarification!$B$14:$I$14
Name MTSPCorrespondenceClassification: 'Review Template'!$D$24:$J$26
Name MTSPCorrespondenceComments: 'Review Template'!$K$24
Name NameOfReviewer: 'Review Template'!$D$16
Name OverallRatingExecutiveFeedback: 'Review Template'!$D$138
Name OverallRatingicc: 'Review Template'!$F$134
Name OverallRatingiicc: 'Review Template'!$F$135
Name OverallRatingiiRemarks: 'Review Template'!$G$135
Name OverallRatingiRemarks: 'Review Template'!$G$134
Name OverallRatingOtherRemarks: 'Review Template'!$G$137
Name OverallRatingRating: 'Review Template'!$I$134
Name OverallRatingRemarks: 'Review Template'!$J$134
Name OverallRatingTORsRemarks: 'Review Template'!$G$136
Name Purpose: Clarification!$B$12:$J$12
Name PurposeClassification: 'Review Template'!$D$20
Name PurposeComments: 'Review Template'!$K$20
Name Region: Clarification!$B$7:$J$7
Name Result: Clarification!$B$13:$E$13
Name ResultClassification: 'Review Template'!$D$23
Name ResultComments: 'Review Template'!$K$23
Name Reviewer: Clarification!#REF!
Name SectionA1cc: 'Review Template'!$F$32
Name SectionA1Remarks: 'Review Template'!$G$32
Name SectionA2cc: 'Review Template'!$F$33
Name SectionA3cc: 'Review Template'!$F$34
Name SectionA4cc: 'Review Template'!$F$36
Name SectionA4Remarks: 'Review Template'!$G$36
Name SectionA5cc: 'Review Template'!$F$38
Name SectionA5Remarks: 'Review Template'!$G$38
Name SectionA6cc: 'Review Template'!$F$39
Name SectionA7cc: 'Review Template'!$F$40
Name SectionA8cc: 'Review Template'!$F$42
Name SectionA8Remarks: 'Review Template'!$G$42
Name SectionAConstructiveFeedback: 'Review Template'!$K$35
Name SectionAExecutiveFeedback: 'Review Template'!$D$43
Name SectionARating: 'Review Template'!$I$35
Name SectionARemarks: 'Review Template'!$J$35

Sheet Review Template
A1: EVALUATION ID | D1: =CONCATENATE(VLOOKUP(K14,Countries!A:B,2,FALSE),"-",D13) -> 3660-E005
A3: UNICEF Global Evaluation Report Oversight System (GEROS) Review Template
A5: Colour Coding | B5: CC | C5: Dark green | D5: Green | E5: Amber | F5: Red | H5: White | J5: The key questions are highlighted as shown here, and are important questions in guiding the analysis of the section
B6: Questions | C6: Outstanding | D6: Yes | E6: Mostly Satisfactory | F6: No | H6: Not Applicable
B7: Section & Overall Rating | C7: Outstanding, best practice | D7: Highly Satisfactory | E7: Mostly Satisfactory | F7: Unsatisfactory | J7: The Cornerstone questions are in column J and are questions that need to be answered for rating and justification of each of the six sections
A9: UNEG Standards for Evaluation in the UN System | E9: UNEG Norms for Evaluation in the UN System | J9: UNICEF Adapted UNEG Evaluation Report Standards
D11: Response | L11: =IF(D15="Evaluation ","","If the report is not an Evaluation please do not continue your review.")
A12: Title of the Evaluation Report | D12: Helping the "invisible" Children (HIC)- Second Evaluation Report
A13: Report sequence number | D13: E005 | F13: Date of Review | H13: 21/10/2013 | J13: Year of the Evaluation Report | K13: 2013
A14: Region | D14: Central & Eastern Europe, Commonwealth of Independent States RO | J14: Country | K14: Romania
A15: Type of Report | D15: Evaluation | J15: TORs Present | K15: No
A16: Name of reviewer
A17: Classification of Evaluation Report | K17: Comments | L17: Adjustments in the report
A18: Geographical (Coverage of the programme being evaluated & generalizability of evaluation findings) | D18: 1.1 Sub-national: The programme and evaluation covers selected sub-national units (districts, provinces, states, etc.) within a country, where results cannot be generalized to the whole country
A19: Management of Evaluation (Managerial control and oversight of evaluation decisions) | D19: 2.1 UNICEF managed: Working with national partners of different categories UNICEF is responsible for all aspects of the evaluation.
A20: Purpose (Speaks to the overarching goal for conducting the evaluation; its raison d'être) | D20: 3.2 At scale: The evaluation examines the efficacy of a programme that is being implemented at or near its maximum intended extent, with the intention of providing feedback on efficiency and the overall effectiveness of the programme to scale up focus for lessons learned.
A23: Result (Level of changes sought, as defined in RBM: refer to substantial use of highest level reached) | D23: 4.2 Outcome: Effects from one or more programmes being implemented by multiple actors (UNICEF and others), where the cumulative effect of outputs elicits results beyond the control of any one agency or programme
A24: MTSP Correspondence (Alignment with MTSP focus area priorities: (1) Young child survival and development; (2) Basic education and gender equality; (3) HIV/AIDS and children; (4) Child protection from violence, exploitation and abuse; and (5) Policy advocacy and partnerships for children’s rights) | D24: 5.2 Multi-sectoral: Addresses issues in two or more MTSP focus areas
A27: Level of Independence (Implementation and control of the evaluation activities) | D27: 6.2 Independent internal: The evaluation is implemented by consultants but managed in-house by UNICEF professionals. The overall responsibility for the evaluation lies within the division whose work is being evaluated.
A28: Stage | D28: 7.1 Formative: An evaluation with the purpose and aim of improving the programme. Formative evaluations strengthen or improve the object being evaluated by examining the delivery of the programme
A29: SECTION A: OBJECT OF THE EVALUATION
A30: Question | F30: cc | G30: Remarks | I30: A/ Does the report present a clear & full description of the 'object' of the evaluation? The report should describe the object of the evaluation including the results chain, meaning the ‘theory of change’ that underlies the programme being evaluated. This theory of change includes what the programme was meant to achieve and the pathway (chain of results) through which it was expected to achieve this. The context of key social, political, economic, demographic, and institutional factors that have a direct bearing on the object should be described. For example, the partner government’s strategies and priorities, international, regional or country development goals, strategies and frameworks, the concerned agency’s corporate goals & priorities, as appropriate. | K30: Constructive feedback for future reports Including how to address weaknesses and maintaining good practice
A31: Object and context
A32: 1 Is the object of the evaluation well described? This needs to include a clear description of the interventions (project, programme, policies, otherwise) to be evaluated including how the designer thought that it would address the problem identified, implementing modalities, other parameters including costs, relative importance in the organization and (number of) people reached. | F32: Yes | G32: The evaluation thoroughly explains what the project aims to do, and includes its general and specific objectives. The thorough description of the context in terms of economic, social, and institutional issues, sheds light to the problem that it is trying to resolve. The evaluation includes the population groups and number of people reached, as well as the overarching national strategies and goals to which it is aligned.
A33: 2 Is the context explained and related to the object that is to be evaluated? The context includes factors that have a direct bearing on the object of the evaluation: social, political, economic, demographic, institutional. These factors may include strategies, policies, goals, frameworks & priorities at the: international level; national Government level; individual agency level | F33: Yes
A34: 3 Does this illuminate findings? The context should ideally be linked to the findings so that it is clear how the wider situation may have influenced the outcomes observed. | F34: Yes
A35: Theory of Change | I35: Highly satisfactory | J35: The object and context of the evaluation is well described and all the stakeholders involved were mentioned. Although all of the expected outcomes at different levels (beneficiaries, community, county, and national) are listed, there is no explicit results chain explaining how the activities were to lead to results at different levels (output, outcome, impact). Although UNICEF's contributions are known at a superficial level, the specific contributions (financial and technical) are not as clear. | K35: ToC: Even though the desired outcomes at different levels (beneficiary, community, country, and national), it would also be helpful to include clearly the results chain itself; linking activities, to expected outputs, and expected outputs to expected outcomes. Even though the reader can guess more or less what the results chain is, it could be make more explicit in the text. UNICEF's Contribution: It would be of benefit to include the total amount that UNICEF contributed financially to this initiative. Also, the partnership relationship between UNICEF and the government institutions should be explained (e.g. how did they complement each other?)
A36: 4 Is the results chain or logic well articulated? The report should identify how the designers of the evaluated object thought that it would address the problem that they had identified. This can include a results chain or other logic models such as theory of change. It can include inputs, outputs and outcomes, it may also include impacts. The models need to be clearly described and explained. | F36: Mostly | G36: The initial problem is well identified in the context sections and it is linked to the project's expected results. Even though the desired outcomes at different levels (beneficiary, community, country, and national), it would also be helpful to include clearly the results chain itself; linking activities, to expected outputs, and expected outputs to expected results. Even though the reader can guess more or less what the results chain is, it could be make more explicit in the text. For example, it is not explicit how the identification of "invisible children" will contribute to any of the expected outcomes listed. | L36: A Theory of Change for the modelling project was included in the text, pg.25-27. Contribution of UNICEF was added in the report: financial (pg.18 and was also at pg.93) and technical (pg.18 ). A sentence about how UNICEF and government institutions complement each other was included at pg.19.
A37: Stakeholders and their contributions
A38: 5 Are key stakeholders clearly identified? These include o implementing agency(ies) o development partners o rights holders o primary duty bearers o secondary duty bearers | F38: Yes | G38: The key stakeholders, including the beneficiaries (right-holders), governmental institutions (duty-bearers) and UNICEF are identified. The roles and contributions of UNICEF and government institutions are identified. However the exact financial contributions of UNICEF are not clear.
A39: 6 Are key stakeholders' contributions described? This can involve financial or other contributions and should be specific. If joint program also specify UNICEF contribution, but if basket funding question is not applicable | F39: Yes
A40: 7 Are UNICEF contributions described? This can involve financial or other contributions and should be specific | F40: Mostly
A41: Implementation Status
A42: 8 Is the implementation status described? This includes the phase of implementation and significant changes that have happened to plans, strategies, performance frameworks, etc that have occurred - including the implications of these changes | F42: Yes | G42: The phases of the project are all listed in section 2.6.
A43: Executive Feedback on Section A Issues for this section relevant for feedback to senior management (positives & negatives), & justify rating. Up to two sentences | D43: Both the object and context of the evaluation are well described. However, the results chain/ theory of change needs to be clarified and UNICEF's financial contributions should be specified. | L43: The Theory of Change was included at pg.25-27. UNICEF financial contribution was included also at pg. 18.
A44: SECTION B: EVALUATION PURPOSE, OBJECTIVES AND SCOPE
A45: Question | F45: cc | G45: Remarks | I45: B/ Are the evaluation's purpose, objectives and scope sufficiently clear to guide the evaluation? The purpose of the evaluation should be clearly defined, including why the evaluation was needed at that point in time, who needed the information, what information is needed, and how the information will be used. The report should provide a clear explanation of the evaluation objectives and scope including main evaluation questions and describes and justifies what the evaluation did and did not cover. The report should describe and provide an explanation of the chosen evaluation criteria, performance standards, or other criteria used by the evaluators. | K45: Constructive feedback for future reports Including how to address weaknesses and maintaining good practice
A46: Purpose, objectives and scope
A47: 9 Is the purpose of the evaluation clear? This includes why the evaluation is needed at this time, who needs the information, what information is needed, how the information will be used. | F47: Mostly | G47: The purpose helps the reader understand why the evaluation is needed at this time, the information needed, who will be using it. However, it forgets to mention how the information will be used (i.e. for scale-up). The scope of the evaluation is clear but its specific objectives are not identified. | L47: Specific objectives are now highlighted at pg.30. At the same time, info about how the information will be used for scale up is also added at pg.30.
A48: 10 Are the objectives and scope of the evaluation clear and realistic? This includes: Objectives should be clear and explain what the evaluation is seeking to achieve; Scope should clearly describe and justify what the evaluation will and will not cover; Evaluation questions may optionally be included to add additional details | F48: Mostly
A49: 11 Do the objective and scope relate to the purpose? The reasons for holding the evaluation at this time in the project cycle (purpose) should link logically with the specific objectives the evaluation seeks to achieve and the boundaries chosen for the evaluation (scope) | F49: Mostly
A50: Evaluation framework
A51: 12 Does the evaluation provide a relevant list of evaluation criteria that are explicitly justified as appropriate for the Purpose? It is imperative to make the basis of the value judgements used in the evaluation transparent if it is to be understood and convincing. UNEG evaluation standards refer to the OECD/DAC criteria, but other criteria can be used such as Human rights and humanitarian criteria and standards (e.g. SPHERE Standards) but this needs justification.. Not all OECD/DAC criteria are relevant to all evaluation objectives and scopes. The TOR may set the criteria to be used, but these should be (re)confirmed by the evaluator. Standard OECD DAC Criteria include: Relevance; Effectiveness; Efficiency; Sustainability; Impact Additional humanitarian criteria include; Coverage; Coordination; Coherence; Protection; timeliness; connectedness; appropriateness. (This is an extremely important question to UNICEF) | F51: Mostly | G51: The evaluation lists all of the evaluation criteria and evaluation questions that will be addressed. Even though these seem to be relevant to the purpose of the evaluation, they are not explicitly justified. The evaluation provides the definition of each evaluation criteria and justifies why humanitarian criteria will not e used. However, the selection of other criteria is not explained in the report. | I51: Mostly Satisfactory | J51: The evaluation purpose highlights why it is needed, the information needed, but does not mention how stakeholders will be using it. The scope is clear but the specific objectives are not identified. The report does not provide an explanation of the chosen evaluation criteria. | K51: Purpose: Please identify how the information contained in this report will be used by stakeholders. Objectives: The specific objectives of the evaluation should be identified. Justification of selected criteria: The evaluation should justify why each criterion was chosen and mention how these are relevant to the purpose. | L51: Specific objectives are now highlighted at pg.30. Some explanation about using selected criteria for the evaluation was included at pg.31.
A52: 13 Does the evaluation explain why the evaluation criteria were chosen and/or any standard DAC evaluation criteria (above) rejected? The rationale for using each particular criterion and rejecting any standard OECD-DAC criteria (where they would be applicable) should be explained in the report. | F52: Mostly
A53: Executive Feedback on Section B Issues for this section relevant for feedback to senior management (positives & negatives), & justify rating. Up to two sentences | D53: The purpose needs to include explicit information on how the information in this report will be used by stakeholders and the report should describe the specific objectives of the evaluation. The evaluation criteria chosen should also be justified as appropriate for the purpose. | L53: Information about how the info will be used by stakeholders was mentioned at pg.30. Specific objectives are now highlighted at pg.30. Justification for selection criteria was included at pg. 31.
A54: SECTION C: EVALUATION METHODOLOGY, GENDER, HUMAN RIGHTS AND EQUITY
A55: Question | F55: cc | G55: Remarks | I55: C/ Is the methodology appropriate and sound? The report should present a transparent description of the methodology applied to the evaluation that clearly explains how the evaluation was specifically designed to address the evaluation criteria, yield answers to the evaluation questions and achieve the evaluation purposes. The report should also present a sufficiently detailed description of methodology in which methodological choices are made explicit and justified and in which limitations of methodology applied are included. The report should give the elements to assess the appropriateness of the methodology. Methods as such are not ‘good’ or ‘bad’, they are only so in relation to what one tries to get to know as part of an evaluation. Thus this standard assesses the suitability of the methods selected for the specifics of the evaluation concerned, assessing if the methodology is suitable to the subject matter and the information collected are sufficient to meet the evaluation objectives. | K55: Constructive feedback for future reports Including how to address weaknesses and maintaining good practice
A56: Data collection
A57: 14 Does the report specify data collection methods, analysis methods, sampling methods and benchmarks? This should include the rationale for selecting methods and their limitations based on commonly accepted best practice. | F57: Mostly | G57: All of the data collection and analysis methods and sampling strategies are explained but the rationale for using the specified methods is not always included. Limitations are specified and efforts to tackle these are reflected. Data sources are also mentioned (people to be included in surveys, FGDs, interviews), but no rationale for selection is provided. | L57: The rationale for using the specified methods was included at pg. 33-35.
A58: 15 Does the report specify data sources, the rationale for their selection, and their limitations? This should include a discussion of how the mix of data sources was used to obtain a diversity of perspectives, ensure accuracy & overcome data limits | F58: Mostly
A59: Ethics
A60: 16 Are ethical issues and considerations described? The design of the evaluation should contemplate: How ethical the initial design of the programme was; The balance of costs and benefits to participants (including possible negative impact) in the programme and in the evaluation; The ethics of who is included and excluded in the evaluation and how this is done | F60: Mostly | G60: p.21 sheds light to ethical considerations of including and excluding stakeholders in the evaluation, measures taken when including children in the data collection process, and ensuring confidentiality. A discussion on how ethical the design of the programme was is not included. Also the quotes from respondents sometime give enough information about the participant to track his/her identity. | L60: A discussion about ethical considerations of the evaluation, in accordance with its scope, is included at pg. 34.
A61: 17 Does the report refer to ethical safeguards appropriate for the issues described? When the topic of an evaluation is contentious, there is a heightened need to protect those participating. These should be guided by the UNICEF Evaluation Office Technical Note and include: protection of confidentiality; protection of rights; protection of dignity and welfare of people (especially children); Informed consent; Feedback to participants; Mechanisms for shaping the behaviour of evaluators and data collectors | F61: Mostly
A62: Results Based Management | I62: Mostly Satisfactory | J62: Although every single method of data collection and analysis is described individually, the rationale for choosing each method is not given. Further, there is no attempt to link the methodology with the evaluation questions. If an evaluation matrix was used, this one should be included in the annex of the report. The methodology also needs to specify how it used a participatory approach by explaining the level of involvement of stakeholders in the evaluation process. In terms of HRBAP, gender, and equity, the evaluation does show throughout that these dimensions have been taken into account. | K62: Methods: The report needs to be more explicit in justifying why each evaluation method is chosen as appropriate to evaluation purpose. Ethical considerations: Mention the ethics of the initial design of the programme. Ethical safeguards: Do not give too much information about the participants' opinions (i.e.p.68) Use of M&E framework: The results chain needs to be clearly articulated to be able to draw comparisons between expected and achieved results. Evaluation matrix: an evaluation matrix could be included to draw a link between the evaluation questions and the methodology. Stakeholder participation: specify how stakeholders were involved in the evaluation process.
A63: 18 Is the capability and robustness of the evaluated object's monitoring system adequately assessed? The evaluation should consider the details and overall functioning of the management system in relation to results: from the M&E system design, through individual tools, to the use of data in management decision making. | F63: Yes | G63: The capability of the project to monitor data on invisible children is assessed. There is no evidence that the M&E framework of the project was used in this assessment. The logic model was no clearly articulated and therefore it is not known whether or not it was used to guide the assessment. | L63: The evaluation matrix was added to Annexes. References to it are made at pg.31. The evaluation matrix includes linkages between methodology and evaluation questions and as well level of participation of stakeholders into the evaluation process.
A64: 19 Does the evaluation make appropriate use of the M&E framework of the evaluated object? In addition to articulating the logic model (results chain) used by the programme, the evaluation should make use of the object's log frame or other results framework to guide the assessment. The results framework indicates how the programme design team expected to assess effectiveness, and it forms the guiding structure for the management of implementation. | F64: Mostly
A65: Human Rights, Gender and Equity
A66: 20 Did the evaluation design and style consider incorporation of the UN and UNICEF's commitment to a human rights-based approach to programming, to gender equality, and to equity? This could be done in a variety of ways including: use of a rights-based framework, use of CRC, CCC, CEDAW and other rights related benchmarks, analysis of right holders and duty bearers and focus on aspects of equity, social exclusion and gender. Style includes: using human-rights language; gender-sensitive and child-sensitive writing; disaggregating data by gender, age and disability groups; disaggregating data by socially excluded groups | F66: Yes | G66: The evaluation framework includes questions on Equity, HRBAP, and Gender. Data was disaggregated by socio-demographics and vulnerabilities. The evaluation does not consider whether the project was managed according to human rights and gender monitoring. But as part of the project, the evaluation assesses the quality of monitoring in databases to identify vulnerable children. The methodology does not mention much about human rights, gender and equity approaches, but the findings and conclusions reflect an analysis the project's ability to respond to vulnerable children's rights. The methodology highlights that data is to be disaggregated by gender and other vulnerabilities, and this disaggregation is reflected in the findings (e.g. p.43).
A67: 21 Does the evaluation assess the extent to which the implementation of the evaluated object was monitored through human rights (inc. gender, equity & child rights) frameworks? UNICEF commits to go beyond monitoring the achievement of desirable outcomes, and to ensure that these are achieved through morally acceptable processes. The evaluation should consider whether the programme was managed and adjusted according to human rights and gender monitoring of processes. | F67: Mostly
A68: 22 Do the methodology, analytical framework, findings, conclusions, recommendations & lessons provide appropriate information on HUMAN RIGHTS (inc. women & child rights)? The inclusion of human rights frameworks in the evaluation methodology should continue to cascade down the evaluation report and be obvious in the data analysis, findings, conclusions, any recommendations and any lessons learned. If identified in the scope the methodology should be capable of assessing the level of: Identification of the human rights claims of rights-holders and the corresponding human rights obligations of duty-bearers, as well as the immediate underlying & structural causes of the non realisation of rights.; Capacity development of rights-holders to claim rights, and duty-bearers to fulfil obligations. | F68: Yes
A69: 23 Do the methodology, analytical framework, findings, conclusions, recommendations & lessons provide appropriate information on GENDER EQUALITY AND WOMEN'S EMPOWERMENT? The inclusion of gender equality frameworks in the evaluation methodology should continue to cascade down the evaluation report and be obvious in the data analysis, findings, conclusions, any recommendations and any lessons learned. If identified in the scope the methodology should be capable of assessing the immediate underlying & structural causes of social exclusion; and capacity development of women to claim rights, and duty-bearers to fulfil their equality obligations. | F69: Yes
A70: 24 Do the methodology, analytical framework, findings, conclusions, recommendations & lessons provide appropriate information on EQUITY? The inclusion of equity considerations in the evaluation methodology should continue to cascade down the evaluation report and be obvious in the data analysis, findings, conclusions, any recommendations and any lessons learned. If identified in the scope the methodology should be capable of assessing the capacity development of rights-holders to claim rights, and duty-bearers to fulfil obligations & aspects of equity. | F70: Yes
A71: Stakeholder participation
A72: 25 Are the levels and activities of stakeholder consultation described? This goes beyond just using stakeholders as sources of information and includes the degree of participation in the evaluation itself. The report should include the rationale for selecting this level of participation. Roles for participation might include: o Liaison o Technical advisory o Observer o Active decision making The reviewer should look for the soundness of the description and rationale for the degree of participation rather than the level of participation itself. | F72: No | G72: Although the methodology mentions the use of a participatory approach of stakeholders in the evaluation, it does specify how stakeholders were involved in the process. | L72: The evaluation matrix includes linkages between methodology and evaluation questions and as well level of participation of stakeholders into the evaluation process. Additional info about stakeholders' participation were included as well at pg.35.
A73: 26 Are the levels of participation appropriate for the task in hand? The breadth & degree of stakeholder participation feasible in evaluation activities will depend partly on the kind of participation achieved in the evaluated object. The reviewer should note here whether a higher degree of participation may have been feasible & preferable. | F73: No
A74: Methodological robustness
A75: 27 Is there an attempt to construct a counterfactual or address issues of contribution/attribution? The counterfactual can be constructed in several ways which can be more or less rigorous. It can be done by contacting eligible beneficiaries that were not reached by the programme, or a theoretical counterfactual based on historical trends, or it can also be a comparison group. | F75: Yes | G75: A counterfactual is constructed to assess the contribution of HIC activities. There is no link drawn between the methodology and the evaluation questions. Given that appropriate efforts were made to tackle limitations, they are acceptable. | L75: The evaluation matrix was added to Annexes. References to it are made at pg.35.
A76: 28 Does the methodology facilitate answers to the evaluation questions in the context of the evaluation? The methodology should link back to the Purpose and be capable of providing answers to the evaluation questions. | F76: No
A77: 29 Are methodological limitations acceptable for the task in hand? Limitations must be specifically recognised and appropriate efforts taken to control bias. This includes the use of triangulation, and the use of robust data collection tools (interview protocols, observation tools etc). Bias limitations can be addressed in three main areas: Bias inherent in the sources of data; Bias introduced through the methods of data collection; Bias that colours the interpretation of findings | F77: Yes
A78: Executive Feedback on Section C Issues for this section relevant for feedback to senior management (positives & negatives), & justify rating. Up to two sentences | D78: Although data collection and analysis methods are described, the rationale for choosing each method is not given. Further, if an evaluation matrix was used, this one should be included in the annex of the report so that a link between the methods and the evaluation questions can be drawn. The methodology also needs to specify how it used a participatory approach by explaining the level of involvement of stakeholders in the evaluation process. | L78: An evaluation matrix was added in the Annexes. It explains links between selected methods and evaluation questions. It also shows the level of involvement of stakeholders in the evaluation process.
A79: SECTION D: FINDINGS AND CONCLUSIONS
A80: Question | F80: cc | G80: Remarks | I80: D/ Are the findings and conclusions, clearly presented, relevant and based on evidence & sound analysis? Findings should respond directly to the evaluation criteria and questions detailed in the scope and objectives section of the report. They should be based on evidence derived from data collection and analysis methods described in the methodology section of the report. Conclusions should present reasonable judgments based on findings and substantiated by evidence, providing insights pertinent to the object and purpose of the evaluation. | K80: Constructive feedback for future reports Including how to address weaknesses and maintaining good practice
A81: Completeness and logic of findings
A82: 30 Are findings clearly presented and based on the objective use of the reported evidence? Findings regarding the inputs for the completion of activities or process achievements should be distinguished clearly from results. Findings on results should clearly distinguish outputs, outcomes and impacts (where appropriate). Findings must demonstrate full marshalling and objective use of the evidence generated by the evaluation data collection. Findings should also tell the 'whole story' of the evidence and avoid bias. | F82: Yes | G82: The findings look at the performance of the project according to the different activities (i.e. identification of invisible children, assessment of vulnerabilities, etc) and draws comparison with the control group throughout to address the contribution of HIC. However, the link between the project performance in each activity and the actual outcome is weak, as it does not go further to assess whether it contributed to higher level results, such as those listed in section 2.7 (Desired Outcomes), for example how does enhancing capacity to reach "invisible children" improve children's welfare?. When comparing the evaluation questions of effectiveness with the findings, there is a weak link from one to another. In other words, the evaluation questions are not answered in a systematic manner, and it is difficult to know what the answer for question is and to judge whether or not each evaluation question has been answered. Though methodological limitations are discussed, limitations in answering evaluation questions in a satisfactory manner are not discussed. Unexpected findings (bottleneck and barriers) in addressing vulnerable children's needs are given but the implications of these are not given.
A83: 31 Do the findings address all of the evaluation's stated criteria and questions? The findings should seek to systematically address all of the evaluation questions according to the evaluation framework articulated in the report. | F83: Mostly
A84: 32 Do findings demonstrate the progression to results based on the evidence reported? There should be a logical chain developed by the findings, which shows the progression (or lack of) from implementation to results. | F84: Mostly | I84: Mostly Satisfactory | J84: The findings are clearly based on the evidence collected in interviews and attribution to results is made using a counterfactual analysis. However, the main weaknesses found were that there is a weak link between the evaluation questions and the findings, and the progression from activity performance to results is not straightforward. The findings do not directly report on the outcome-level results that were mentioned at the beginning of the report. On the other hand the conclusions do a great job in tying together the findings and highlight the key messages. | K84: Gaps and limitations to answer evaluation questions need to be discussed. The implications on project performance as a result of bottlenecks and barriers should be discussed. Since the scale up of the project is an important reason for conducting the evaluation, an analysis of the cost implications should be included. When assigning contribution to the project, an explanation on how specific stakeholders contributed would be of benefit to the evaluation. A better results chain should be developed in order to draw comparisons between the achieved and expected results. The outcome-level outcomes given seem to be at a higher level from those results reported in the evaluation. | L84: A discussion why the findings cannot report directly at outcome level results is included at pg. 37. Limitations in answering evaluation questions are included in the report at pg.36. However, evaluations questions were included in all sections on findings (as suggested in section F) so that links between them are highlighted.
A85: 33 Are gaps and limitations discussed? The data may be inadequate to answer all the evaluation questions as satisfactorily as intended, in this case the limitations should be clearly presented and discussed. Caveats should be included to guide the reader on how to interpret the findings. Any gaps in the programme or unintended effects should also be addressed. | F85: No
A86: 34 Are unexpected findings discussed? If the data reveals (or suggests) unusual or unexpected issues, these should be highlighted and discussed in terms of their implications. | F86: Mostly
A87: Cost Analysis
A88: 35 Is a cost analysis presented that is well grounded in the findings reported? Cost analysis is not always feasible or appropriate. If this is the case then the reasons should be explained. Otherwise the evaluation should use an appropriate scope and methodology of cost analysis to answer the following questions: o How programme costs compare to other similar programmes or standards o Most efficient way to get expected results o Cost implications of scaling up or down o Cost implications for replicating in a different context o Is the programme worth doing from a cost perspective o Costs and the sustainability of the programme. | F88: Mostly | G88: There is a brief analysis on the cost (p.81) and comparisons are drawn. However, since this evaluation is about a project that is to scale up, it would be useful to have the cost implications of this. | L88: Some discussion about cost implications for scale-up are included at pg.94.
A89: Contribution and causality
A90: 36 Does the evaluation make a fair and reasonable attempt to assign contribution for results to identified stakeholders? For results attributed to the programme, the result should be mapped as accurately as possible to the inputs of different stakeholders. | F90: Mostly | G90: The evaluation attributes results to the programme reasonably, but contribution is not assigned to specific stakeholders. Reasons for accomplishments and failures are identified and are based on evidence, thanks to the counterfactual analysis as well as opinions of stakeholders.
A91: 37 Are causal reasons for accomplishments and failures identified as much as possible? These should be concise and usable. They should be based on the evidence and be theoretically robust. (This is an extremely important question to UNICEF) | F91: Yes
A92: Strengths, weaknesses and implications
A93: 38 Are the future implications of continuing constraints discussed? The implications can be, for example, in terms of the cost of the programme, ability to deliver results, reputational risk, and breach of human rights obligations. | F93: Yes | G93: Under sustainability some implications of continuing constraints are discussed. The strengths and weaknesses are well balanced.
A94: 39 Do the conclusions present both the strengths and weaknesses of the evaluated object? Conclusions should give a balanced view of both the stronger aspects and weaker aspects of the evaluated object with reference to the evaluation criteria and human rights based approach. | F94: Yes
A95: Completeness and insight of conclusions
A96: 40 Do the conclusions represent actual insights into important issues that add value to the findings? Conclusions should go beyond findings and identify important underlying problems and/or priority issues. Simple conclusions that are already well known do not add value and should be avoided. | F96: Yes | G96: The conclusions present insights into the findings and syntheses the main messages by identifying the key problems. The conclusions add value to the report because it helps to understand what the main findings are and what it means to stakeholders in the context of the programme. The conclusions reflect a wide range of opinions.
A97: 41 Do conclusions take due account of the views of a diverse cross-section of stakeholders? As well as being logically derived from findings, conclusions should seek to represent the range of views encountered in the evaluation, and not simply reflect the bias of the individual evaluator. Carrying these diverse views through to the presentation of conclusions (considered here) is only possible if the methodology has gathered and analysed information from a broad range of stakeholders. | F97: Yes
A98: 42 Are the conclusions pitched at a level that is relevant to the end users of the evaluation? Conclusions should speak to the evaluation participants, stakeholders and users. These may cover a wide range of groups and conclusions should thus be stated clearly and accessibly: adding value and understanding to the report (for example, some stakeholders may not understand the methodology or findings, but the conclusions should clarify what these findings mean to them in the context of the programme). | F98: Yes
A99: Executive Feedback on Section D Issues for this section relevant for feedback to senior management (positives & negatives), & justify rating. Up to two sentences | D99: he findings are clearly based on the evidence. However, there is a weak link between the evaluation questions and the findings, and the progression from activity performance to results is not straightforward. The findings do not directly report on the outcome-level results that were mentioned at the beginning of the report. | L99: A discussion why the findings cannot report directly at outcome level results is included at pg. 37. Evaluations questions were included in all sections on findings (as suggested in section F) so that links between them are highlighted.
A100: SECTION E: RECOMMENDATIONS AND LESSONS LEARNED
A101: Question | F101: cc | G101: Remarks | I101: E/ Are the recommendations and lessons learned relevant and actionable? Recommendations should be relevant and actionable to the object and purpose of the evaluation, be supported by evidence and conclusions, and be developed with involvement of relevant stakeholders. Recommendations should clearly identify the target group for each recommendation, be clearly stated with priorities for action, be actionable and reflect an understanding of the commissioning organization and potential constraints to follow up. | K101: Constructive feedback for future reports Including how to address weaknesses and maintaining good practice
A102: Relevance and clarity of recommendations
A103: 43 Are the recommendations well-grounded in the evidence and conclusions reported? Recommendations should be logically based in findings and conclusions of the report. | F103: Yes | G103: The recommendations are drawn directly from the findings and conclusions. Although the recommendations are clearly stated and numbered, efforts to prioritize are not reflected.
A104: 44 Are recommendations relevant to the object and the purpose of the evaluation? Recommendations should be relevant to the evaluated object | F104: Yes
A105: 45 Are recommendations clearly stated and prioritised? If the recommendations are few in number (up to 5) then this can also be considered to be prioritised. Recommendations that are over-specific or represent a long list of items are not of as much value to managers. Where there is a long list of recommendations, the most important should be ordered in priority. | F105: Mostly
A106: Usefulness of recommendations | I106: Mostly Satisfactory | J106: The recommendations are drawn directly from the evidence in the findings and conclusion and they are relevant to the project. However, they are not prioritized, do not assign responsibilities to specific stakeholders, and their formulation process is not described. Lessons learned should also be added if requested by the TORs. | K106: Efforts to prioritize recommendations need to be reflected and responsibility of tasks in recommendations need to be assigned to specific stakeholders. Further, the report needs to describe the process followed in developing the recommendations (e.g. Was there a validation process with stakeholders?) Lessons learned need to be included in the report (if the TORs asked for them)
A107: 46 Does each recommendation clearly identify the target group for action? Recommendations should provide clear and relevant suggestions for action linked to the stakeholders who might put that recommendation into action. This ensures that the evaluators have a good understanding of the programme dynamics and that recommendations are realistic. | F107: No | G107: Although the recommendations are clearly based on the evidence it is hard to say how realistic they are given that they do not target a group for action and not describe the process followed when developing them. | L107: Recommendation were prioritised and responsibilities assigned to specific stakeholders - in a table format at pg.113-114. At pg. 112 there is a new paragraph explaining the validation process of recommendations
A108: 47 Are the recommendations realistic in the context of the evaluation? This includes: o an understanding of the commissioning organisation o awareness of the implementation constraints o an understanding of the follow-up processes | F108: Mostly
...

Sheet Clarification
B2: Clarification of criteria for completing Review
A3: Report sequence number
A4: Title of the Evaluation Report
A5: Year of the Evaluation Report | B5: 2012 | C5: 2011 | D5: 2010 | E5: 2009 | F5: 2008 | G5: 2007 | H5: 2006
A6: Country(ies)
A7: Region | B7: The Americas and Caribbean Regional Office | C7: Central & Eastern Europe, Commonwealth of Independent States RO | D7: East Asia and the Pacific Regional Office | E7: Eastern and Southern Africa Regional Office | F7: Middle East and North Africa Regional Office | G7: South Asia Regional Office | H7: West and Central Africa Regional Office | I7: Corporate (HQ) | J7: Other
A8: Date of review
A9: Type of Report | B9: Evaluation | C9: Needs assessment | D9: Appraisal | E9: Evaluability | F9: Review, including mid-term review | G9: Inspection | H9: Investigation | I9: Research & study | J9: Audit | K9: Survey | L9: Internal Management consulting
A10: Geographical Coverage of the programme being evaluated and generalizability of evaluation findings | B10: 1.1 Sub-national: The programme and evaluation covers selected sub-national units (districts, provinces, states, etc.) within a country, where results cannot be generalized to the whole country | C10: 1.2 National: The programme covers the whole country, and the evaluation draws a sample in every district, or uses a sampling frame that is representative of the whole country. | D10: 1.3 Multi-country: Where one programme is implemented in several countries, or different programmes of a similar theme are implemented in several countries, the evaluation would cover two or more countries within one region. The results of the evaluation would not be generalizable to other countries in the region. | E10: 1.4 Regional: Where one programme is implemented in several countries, or different programmes of a similar theme are implemented in several countries, the evaluation covers multiple countries within the region and the sampling is adequate to make the results generalizable to the region. | F10: 1.5 Multi-region/Global: The programme is implemented in two or more regions, or deliberately targets all regions. The evaluation would typically sample several countries across multiple regions, with the results intended to be generalizable in two or more regions.
A11: Management Managerial control and oversight of evaluation decisions (i.e., TORs, selection of consultants, budgets, quality assurance and approval of evaluation findings).In all instances, it is assumed that the management approaches include relevant national actors (e.g., government, universities, NGOs, CBOs) | B11: 2.1 UNICEF managed: Working with national partners of different categories UNICEF is responsible for all aspects of the evaluation. | C11: 2.2 Joint managed, with one or more UN agencies: UNICEF is the co-manager with one or more UN agencies | D11: 2.3 Joint managed, with organisations outside the UN system: UNICEF is the co-manager with one or more organizations outside the UN system | E11: 2.4. Jointly Managed with Country: Evaluations jointly managed by the Country (Government and/or CSO) and the UNICEF CO | F11: 2.5. Country-led Evaluation: Evaluations managed by the Country (Government and/or CSO) | G11: 2.6 UNDAF Evaluation: They are a joint UN review, conducted with national partners, about the overall results expected from the UN cooperation in the country. | H11: 2.7 Externally managed: An external organization manages the evaluation, where UNICEF is one of the organizations being assessed (UN and non-UN) | I11: 2.8 Not clear from Report
A12: Purpose Speaks to the overarching goal for conducting the evaluation; its raison d’etre | B12: 3.1 Pilot: Where a new solution, approach, or programme is being tested at a national or sub-national level, the evaluation examines the efficacy of such an intervention with the intention to determine suitability for scaling-up. | C12: 3.2 At scale: The evaluation examines the efficacy of a programme that is being implemented at or near its maximum intended extent, with the intention of providing feedback on efficiency and the overall effectiveness of the programme to scale up focus for lessons learned. | D12: 3.3 Policy: An evaluation whose main purpose is to examine the results of a policy that is delinked from field-based programming operations. | E12: 3.4 Real-time-evaluation: In the context of an emergency, an evaluation of the efficacy of the response, which collates lessons that can be applied back to an on-going response | F12: 3.5 Humanitarian: Humanitarian evaluation assesses organizational performance in emergency settings (including both natural disasters & conflicts) at various phases of these crises, from preparedness and risk reduction to response, recovery & the transition to development | G12: 3.6 Project: An evaluation which is step-by-step process of collecting, recording and organisation information about the project results including immediate results, short-term outputs and long-term project outcomes | H12: 3.7 Programme: An evaluation of a sectorial programme to determine its overall effectiveness and efficiency in relation to the stated goals and objectives | I12: 3.8 Country Programme Evaluation (CPE): An evaluation that assess the relevance, effectiveness, efficiency, sustainability of the entire UNICEF Country Programme | J12: 3.9 Regional/ Multi-country programme evaluation: An evaluation that assesses several programmes from a regional or multi-country perspective
A13: Result Level of changes sought, as defined in results based management: refer to substantial use of highest level reached | B13: 4.1 Output: Causal effects deriving directly from programme activities, and assumed to be completely under programme control | C13: 4.2 Outcome: Effects from one or more programmes being implemented by multiple actors (UNICEF and others), where the cumulative effect of outputs elicits results beyond the control of any one agency or programme | D13: 4.3 Impact: Final results of a programme or policy on the intended beneficiaries and, where possible, on comparison groups. Reflects the cumulative effect of donor supported programmes of cooperation and national policy initiatives. | E13: 4.4 Activities and products: Describes things that have been done rather than their effects (workshops given, publications produced, meetings attended or organized)
A14: MTSP Correspondence Alignment with MTSP focus area priorities: (1) Young child survival and development; (2) Basic education and gender equality; (3) HIV/AIDS and children; (4) Child protection from violence, exploitation and abuse; and (5) Policy advocacy and partnerships for children’s rights | B14: 5.1 Sectoral: addresses issues within only one of the five MTSP focus areas (1. Young child survival & development) | C14: 5.1 Sectoral: addresses issues within only one of the five MTSP focus areas (2. Basic education & gender equality) | D14: 5.1 Sectoral: addresses issues within only one of the five MTSP focus areas (3. HIV/AIDS & children) | E14: 5.1 Sectoral: addresses issues within only one of the five MTSP focus areas (4. Child Protection) | F14: 5.1 Sectoral: addresses issues within only one of the five MTSP focus areas (5. Policy advocacy & partnerships) | G14: 5.2 Multi-sectoral: Addresses issues in two or more MTSP focus areas | H14: 5.3 Cross-cutting: Addresses issues that are named as cross-cutting strategies of the MTSP or otherwise known to operate within all MTSP areas. Includes but is not limited to the human rights-based approach to programming, gender equity, knowledge management, evaluation, & communication for development. | I14: 5.4 Organizational performance: Evaluation of institutional effectiveness in operational areas, including supply, information technology, human resources, and finance. Also includes the more general issue of overall quality of UNICEF planning and implementation
A15: Level of Independence Implementation and control of the evaluation activities | B15: 6.1 Self-evaluation: A significant component of evaluation management activities & decision-making about the evaluation are implemented by individuals associated with the target programme/intervention (eg. programmes officer/specialists) | C15: 6.2 Independent internal: The evaluation is implemented by consultants but managed in-house by UNICEF professionals. The overall responsibility for the evaluation lies within the division whose work is being evaluated. | D15: 6.3 Independent external: The evaluation is implemented by external consultants and/or UNICEF Evaluation Office professionals. The overall responsibility for the evaluation lies outside the division whose work is being evaluated. | E15: 6.4 Not clear from Report
A16: Stage | B16: 7.1 Formative: An evaluation with the purpose and aim of improving the programme. Formative evaluations strengthen or improve the object being evaluated by examining the delivery of the programme | C16: 7.2 Summative: An evaluation that examines the effects or outcomes of the object being evaluated and summarize it by describing what happened subsequent to delivery of the programme | D16: 7.3 Summative and formative: An evaluation that combines the elements of a formative and a summative evaluation.
A17: TORs present | B17: Yes | C17: No
A18: Question Criteria | B18: Outstanding | C18: Yes | D18: Mostly | E18: No | F18: N/A
A19: Section Rating Criteria | B19: Outstanding, best practice | C19: Highly satisfactory | D19: Mostly Satisfactory | E19: Unsatisfactory

Sheet Countries
A1: Afghanistan | B1: 0060
A2: Albania | B2: 0090
A3: Algeria | B3: 0120
A4: Angola | B4: 6810
A5: Argentina | B5: 0240
A6: Armenia | B6: 0260
A7: Azerbaijan | B7: 0310
A8: Bangladesh | B8: 5070
A9: Barbados | B9: 0420
A10: Belarus | B10: 0630
A11: Belize | B11: 6110
A12: Benin | B12: 1170
... A157: Zimbabwe | B157: 6260
B159: 157

Sheet Executive Review Template
A3: UNICEF GEROS Executive Review Template
A4: Please note that this template will automatically update while the Review template is being completed
A5: Colour Coding | B5: CC | D5: Dark green | F5: Green | I5: Amber | K5: Red
B6: Section & Overall Rating | D6: Outstanding/ Best practice | F6: Highly Satisfactory | I6: Mostly Satisfactory | K6: Unsatisfactory
D8: Response
A9: Title of the Evaluation Report | D9: ='Review Template'!D12:K12 -> Helping the "invisible" Children (HIC)- Second Evaluation Report
A10: Report sequence number | D10: ='Review Template'!D13:E13 -> E005 | F10: Date of Review | H10: ='Review Template'!H13:I13 -> 21/10/2013 | J10: Year of the Evaluation Report | K10: ='Review Template'!K13 -> 2013
A11: Region | D11: ='Review Template'!D14:I14 -> Central & Eastern Europe, Commonwealth of Independent States RO | J11: Country(ies) | K11: ='Review Template'!K14 -> Romania
A12: Executive Summary in Final Report | D12: ='Review Template'!F122 -> No | J12: TORs sent with Report | K12: ='Review Template'!K15 -> No
A13: OVERALL RATING | J13: Overall | K13: ='Review Template'!I134 -> Mostly Satisfactory
A14: Executive Feedback on Overall Rating | D14: ='Review Template'!D138 -> This is a very well written report and findings use the evidence collected rigorously. However, the lack of a clear results chain affected the quality of the findings. The evaluation matrix, if available, should be included in the annexes to be able to draw comparisons between the methods and the evaluation questions. A clearer link between the evaluation questions and the findings is also needed. Lessons learned should be added if requested by the TORs.
A15: SECTION A: OBJECT OF THE EVALUATION | J15: Section A | K15: ='Review Template'!I35 -> Highly satisfactory
A16: Executive Feedback on Section A | D16: ='Review Template'!D43 -> Both the object and context of the evaluation are well described. However, the results chain/ theory of change needs to be clarified and UNICEF's financial contributions should be specified.
A17: SECTION B: EVALUATION PURPOSE, OBJECTIVES AND SCOPE | J17: Section B | K17: ='Review Template'!I51 -> Mostly Satisfactory
A18: Executive Feedback on Section B | D18: ='Review Template'!D53 -> The purpose needs to include explicit information on how the information in this report will be used by stakeholders and the report should describe the specific objectives of the evaluation. The evaluation criteria chosen should also be justified as appropriate for the purpose.
A19: SECTION C: EVALUATION METHODOLOGY, GENDER, HUMAN RIGHTS & EQUITY | J19: Section C | K19: ='Review Template'!I62 -> Mostly Satisfactory
A20: Executive Feedback on Section C | D20: ='Review Template'!D78 -> Although data collection and analysis methods are described, the rationale for choosing each method is not given. Further, if an evaluation matrix was used, this one should be included in the annex of the report so that a link between the methods and the evaluation questions can be drawn. The methodology also needs to specify how it used a participatory approach by explaining the level of involvement of stakeholders in the evaluation process.
A21: SECTION D: FINDINGS AND CONCLUSIONS | J21: Section D | K21: ='Review Template'!I84 -> Mostly Satisfactory
A22: Executive Feedback on Section D | D22: ='Review Template'!D99 -> he findings are clearly based on the evidence. However, there is a weak link between the evaluation questions and the findings, and the progression from activity performance to results is not straightforward. The findings do not directly report on the outcome-level results that were mentioned at the beginning of the report.
A23: SECTION E: RECOMMENDATIONS AND LESSONS LEARNED | J23: Section E | K23: ='Review Template'!I106 -> Mostly Satisfactory
A24: Executive Feedback on Section E | D24: ='Review Template'!D113 -> The recommendations are drawn directly from the evidence in the findings and conclusion and they are relevant to the project. However, they are not prioritized, do not assign responsibilities to specific stakeholders, and their formulation process is not described. Lessons learned should be added if requested by the TORs
A25: SECTION F: REPORT IS WELL STRUCTURED, LOGIC AND CLEAR | J25: Section F | K25: ='Review Template'!I118 -> Mostly Satisfactory
A26: Executive Feedback on Section F | D26: ='Review Template'!D126 -> The report is logically structured and coherent. However, given that the findings do not respond to the evaluation questions systematically, it is hard to say whether or not it will be of easy use to evaluation stakeholders. Some items are also missing in the annexes.

Sheet Adapted UNEG Standards-UNICEF
A45: UNEG STANDARDS FOR UNICEF
A46: GLOBAL EVALUATION QUALITY OVERSIGHT SYSTEM
A47: Adapted UNEG Standards
A50: 1. The report Structure
A52: 1.0 The report is well structured, logical, clear and complete
A53: 1.1 Report is logically structured with clarity and coherence (e.g. background and objectives are presented before findings, and findings are presented before conclusions and recommendations)
A55: 1.2 The title page and opening pages provide key basic information
A56: 1. Name of the evaluation object
A57: 2. Timeframe of the evaluation and date of the report
A58: 3. Locations (country, region, etc) of the evaluation object
A59: 4. Names and/or organizations of evaluators
A60: 5. Name of the organization commissioning the evaluation
... A187: 8.4 Reported findings, conclusions, recommendations and lessons provide adequate information on gender equality, and human rights aspect including child rights.

Sheet DATABASE
A1: ='Review Template'!A12 -> Title of the Evaluation Report | B1: ='Review Template'!A13 -> Report sequence number | C1: ='Review Template'!F13 -> Date of Review | D1: ='Review Template'!J13 -> Year of the Evaluation Report | E1: ='Review Template'!A14 -> Region | F1: ='Review Template'!J14 -> Country | G1: ='Review Template'!A15 -> Type of Report | H1: ='Review Template'!A16 -> Name of reviewer | I1: Geography | J1: Geography Comment | K1: Management | L1: Management Comment | M1: Purpose 1 | N1: Purpose 2 | O1: Purpose 3 | P1: Purpose Comment | Q1: Result | R1: Result Comment | S1: MTSP 1 | T1: MTSP 2 | U1: MTSP 3 | V1: MTSP Comment | W1: Independence | X1: Independence Comment | Y1: Timing Stage | Z1: Timing Stage Comment | AA1: OVERALL | AB1: Overall Comment | AC1: Overall Exec | AD1: SECTION A | AE1: Section A Comment | AF1: Section A Feedback | AG1: Section A Exec | AH1: SECTION B | AI1: Section B Comment | AJ1: Section B Feedback | AK1: Section B Exec | AL1: SECTION C | AM1: Section C Comment | AN1: Section C Feedback | AO1: Section C Exec | AP1: SECTION D | AQ1: Section D Comment | AR1: Section D Feedback | AS1: Section D Exec | AT1: SECTION E | AU1: Section E Comment | AV1: Section E Feedback | AW1: Section E Exec | AX1: SECTION F | AY1: Section F Comment | AZ1: Section F Feedback | BA1: Section F Exec | BB1: All Sections | BC1: All Sections Comment | BD1: Report Coherence | BE1: Report Coherence Comment | BF1: Good Prectice Evaluation | BG1: Good Practive Prog | BH1: Mitigating Other | BI1: ='Review Template'!J15 -> TORs Present | BJ1: Address TORs | BK1: Mitigating TORS | BL1: ='Review Template'!A31 -> Object and context | BM1: ='Review Template'!A35 -> Theory of Change | BN1: ='Review Template'!A37 -> Stakeholders and their contributions | BO1: ='Review Template'!A41 -> Implementation Status | BP1: ='Review Template'!A46 -> Purpose, objectives and scope | BQ1: ='Review Template'!A50 -> Evaluation framework | BR1: ='Review Template'!A56 -> Data collection | BS1: ='Review Template'!A59 -> Ethics | BT1: ='Review Template'!A62 -> Results Based Management | BU1: ='Review Template'!A65 -> Human Rights, Gender and Equity | BV1: ='Review Template'!A71 -> Stakeholder participation | BW1: ='Review Template'!A74 -> Methodological robustness | BX1: ='Review Template'!A81 -> Completeness and logic of findings | BY1: ='Review Template'!A87 -> Cost Analysis | BZ1: ='Review Template'!A89 -> Contribution and causality | CA1: ='Review Template'!A92 -> Strengths, weaknesses and implications | CB1: ='Review Template'!A95 -> Completeness and insight of conclusions | CC1: ='Review Template'!A102 -> Relevance and clarity of recommendations | CD1: ='Review Template'!A106 -> Usefulness of recommendations | CE1: ='Review Template'!A110 -> Appropriate lessons learned | CF1: ='Review Template'!A116 -> Style and presentation | CG1: ='Review Template'!A121 -> Executive Summary | CH1: Q1 | CI1: Q2 | CJ1: Q3 | CK1: Q4 | CL1: Q5 | CM1: Q6 | CN1: Q7 | CO1: Q8 | CP1: Q9 | CQ1: Q10 | CR1: Q11 | CS1: Q12 | CT1: Q13 | CU1: Q14 | CV1: Q15 | CW1: Q16 | CX1: Q17 | CY1: Q18 | CZ1: Q19 | DA1: Q20 | DB1: Q21 | DC1: Q22 | DD1: Q23 | DE1: Q24 | DF1: Q25 | DG1: Q26 | DH1: Q27 | DI1: Q28 | DJ1: Q29 | DK1: Q30 | DL1: Q31 | DM1: Q32 | DN1: Q33 | DO1: Q34 | DP1: Q35 | DQ1: Q36 | DR1: Q37 | DS1: Q38 | DT1: Q39 | DU1: Q40 | DV1: Q41 | DW1: Q42 | DX1: Q43 | DY1: Q44 | DZ1: Q45 | EA1: Q46 | EB1: Q47 | EC1: Q48 | ED1: Q49 | EE1: Q50 | EF1: Q51 | EG1: Q52 | EH1: Q53 | EI1: Q54 | EJ1: Q55 | EK1: Q56 | EL1: Q57 | EM1: Q58
A2: ='Review Template'!D12 -> Helping the "invisible" Children (HIC)- Second Evaluation Report | B2: ='Review Template'!D13 -> E005 | C2: ='Review Template'!H13 -> 21/10/2013 | D2: ='Review Template'!K13 -> 2013 | E2: ='Review Template'!D14 -> Central & Eastern Europe, Commonwealth of Independent States RO | F2: ='Review Template'!K14 -> Romania | G2: ='Review Template'!D15 -> Evaluation | H2: ='Review Template'!D16 -> 0 | I2: ='Review Template'!D18 -> 1.1 Sub-national: The programme and evaluation covers selected sub-national units (districts, provinces, states, etc.) within a country, where results cannot be generalized to the whole country | J2: ='Review Template'!K18 -> 0 | K2: ='Review Template'!D19 -> 2.1 UNICEF managed: Working with national partners of different categories UNICEF is responsible for all aspects of the evaluation. | L2: ='Review Template'!K19 -> 0 | M2: ='Review Template'!D20 -> 3.2 At scale: The evaluation examines the efficacy of a programme that is being implemented at or near its maximum intended extent, with the intention of providing feedback on efficiency and the overall effectiveness of the programme to scale up focus for lessons learned. | N2: ='Review Template'!D21 -> 0 | O2: ='Review Template'!D22 -> 0 | P2: ='Review Template'!K20 -> 0 | Q2: ='Review Template'!D23 -> 4.2 Outcome: Effects from one or more programmes being implemented by multiple actors (UNICEF and others), where the cumulative effect of outputs elicits results beyond the control of any one agency or programme | R2: ='Review Template'!K23 -> 0 | S2: ='Review Template'!D24 -> 5.2 Multi-sectoral: Addresses issues in two or more MTSP focus areas | T2: ='Review Template'!D25 -> 0 | U2: ='Review Template'!D26 -> 0 | V2: ='Review Template'!K24 -> 0 | W2: ='Review Template'!D27 -> 6.2 Independent internal: The evaluation is implemented by consultants but managed in-house by UNICEF professionals. The overall responsibility for the evaluation lies within the division whose work is being evaluated. | X2: ='Review Template'!K27 -> 0 | Y2: ='Review Template'!D28 -> 7.1 Formative: An evaluation with the purpose and aim of improving the programme. Formative evaluations strengthen or improve the object being evaluated by examining the delivery of the programme | Z2: ='Review Template'!K28 -> 0 | AA2: ='Review Template'!I134 -> Mostly Satisfactory | AB2: ='Review Template'!J134 -> This is a very well written report and findings use the evidence collected rigorously. However, the following key items should be addressed: - The purpose needs to include explicit information on how the information in this report will be used by stakeholders (e.g. for scale up) - The results chain/ theory of change needs to be clarified - If an evaluation matrix was used, this one should be included in the annex of the report so that a link between the methods and the evaluation questions can be drawn. - A clearer link between the evaluation questions and the findings - Progression from activity performance to results needs to be more straightforward. The findings should report on expected results that are mentioned in the report (thus a results chain needs to be built to draw the links) - Recommendations should be prioritized, assign responsibilities to specific stakeholders, and describe formulation process - Lessons learned should be added if requested by the TORs | AC2: ='Review Template'!D138 -> This is a very well written report and findings use the evidence collected rigorously. However, the lack of a clear results chain affected the quality of the findings. The evaluation matrix, if available, should be included in the annexes to be able to draw comparisons between the methods and the evaluation questions. A clearer link between the evaluation questions and the findings is also needed. Lessons learned should be added if requested by the TORs. | AD2: ='Review Template'!I35 -> Highly satisfactory | AE2: ='Review Template'!J35 -> The object and context of the evaluation is well described and all the stakeholders involved were mentioned. Although all of the expected outcomes at different levels (beneficiaries, community, county, and national) are listed, there is no explicit results chain explaining how the activities were to lead to results at different levels (output, outcome, impact). Although UNICEF's contributions are known at a superficial level, the specific contributions (financial and technical) are not as clear. | AF2: ='Review Template'!K35 -> ToC: Even though the desired outcomes at different levels (beneficiary, community, country, and national), it would also be helpful to include clearly the results chain itself; linking activities, to expected outputs, and expected outputs to expected outcomes. Even though the reader can guess more or less what the results chain is, it could be make more explicit in the text. UNICEF's Contribution: It would be of benefit to include the total amount that UNICEF contributed financially to this initiative. Also, the partnership relationship between UNICEF and the government institutions should be explained (e.g. how did they complement each other?) | AG2: ='Review Template'!D43 -> Both the object and context of the evaluation are well described. However, the results chain/ theory of change needs to be clarified and UNICEF's financial contributions should be specified. | AH2: ='Review Template'!I51 -> Mostly Satisfactory | AI2: ='Review Template'!J51 -> The evaluation purpose highlights why it is needed, the information needed, but does not mention how stakeholders will be using it. The scope is clear but the specific objectives are not identified. The report does not provide an explanation of the chosen evaluation criteria. | AJ2: ='Review Template'!K51 -> Purpose: Please identify how the information contained in this report will be used by stakeholders. Objectives: The specific objectives of the evaluation should be identified. Justification of selected criteria: The evaluation should justify why each criterion was chosen and mention how these are relevant to the purpose. | AK2: ='Review Template'!D53 -> The purpose needs to include explicit information on how the information in this report will be used by stakeholders and the report should describe the specific objectives of the evaluation. The evaluation criteria chosen should also be justified as appropriate for the purpose. | AL2: ='Review Template'!I62 -> Mostly Satisfactory | AM2: ='Review Template'!J62 -> Although every single method of data collection and analysis is described individually, the rationale for choosing each method is not given. Further, there is no attempt to link the methodology with the evaluation questions. If an evaluation matrix was used, this one should be included in the annex of the report. The methodology also needs to specify how it used a participatory approach by explaining the level of involvement of stakeholders in the evaluation process. In terms of HRBAP, gender, and equity, the evaluation does show throughout that these dimensions have been taken into account. | AN2: ='Review Template'!K62 -> Methods: The report needs to be more explicit in justifying why each evaluation method is chosen as appropriate to evaluation purpose. Ethical considerations: Mention the ethics of the initial design of the programme. Ethical safeguards: Do not give too much information about the participants' opinions (i.e.p.68) Use of M&E framework: The results chain needs to be clearly articulated to be able to draw comparisons between expected and achieved results. Evaluation matrix: an evaluation matrix could be included to draw a link between the evaluation questions and the methodology. Stakeholder participation: specify how stakeholders were involved in the evaluation process. | AO2: ='Review Template'!D78 -> Although data collection and analysis methods are described, the rationale for choosing each method is not given. Further, if an evaluation matrix was used, this one should be included in the annex of the report so that a link between the methods and the evaluation questions can be drawn. The methodology also needs to specify how it used a participatory approach by explaining the level of involvement of stakeholders in the evaluation process. | AP2: ='Review Template'!I84 -> Mostly Satisfactory | AQ2: ='Review Template'!J84 -> The findings are clearly based on the evidence collected in interviews and attribution to results is made using a counterfactual analysis. However, the main weaknesses found were that there is a weak link between the evaluation questions and the findings, and the progression from activity performance to results is not straightforward. The findings do not directly report on the outcome-level results that were mentioned at the beginning of the report. On the other hand the conclusions do a great job in tying together the findings and highlight the key messages. | AR2: ='Review Template'!K84 -> Gaps and limitations to answer evaluation questions need to be discussed. The implications on project performance as a result of bottlenecks and barriers should be discussed. Since the scale up of the project is an important reason for conducting the evaluation, an analysis of the cost implications should be included. When assigning contribution to the project, an explanation on how specific stakeholders contributed would be of benefit to the evaluation. A better results chain should be developed in order to draw comparisons between the achieved and expected results. The outcome-level outcomes given seem to be at a higher level from those results reported in the evaluation. | AS2: ='Review Template'!D99 -> he findings are clearly based on the evidence. However, there is a weak link between the evaluation questions and the findings, and the progression from activity performance to results is not straightforward. The findings do not directly report on the outcome-level results that were mentioned at the beginning of the report. | AT2: ='Review Template'!I106 -> Mostly Satisfactory | AU2: ='Review Template'!J106 -> The recommendations are drawn directly from the evidence in the findings and conclusion and they are relevant to the project. However, they are not prioritized, do not assign responsibilities to specific stakeholders, and their formulation process is not described. Lessons learned should also be added if requested by the TORs. | AV2: ='Review Template'!K106 -> Efforts to prioritize recommendations need to be reflected and responsibility of tasks in recommendations need to be assigned to specific stakeholders. Further, the report needs to describe the process followed in developing the recommendations (e.g. Was there a validation process with stakeholders?) Lessons learned need to be included in the report (if the TORs asked for them) | AW2: ='Review Template'!D113 -> The recommendations are drawn directly from the evidence in the findings and conclusion and they are relevant to the project. However, they are not prioritized, do not assign responsibilities to specific stakeholders, and their formulation process is not described. Lessons learned should be added if requested by the TORs | AX2: ='Review Template'!I118 -> Mostly Satisfactory | AY2: ='Review Template'!J118 -> The report is logically structured and coherent. However, given that the findings do not respond to the evaluation questions systematically, it is hard to say whether or not it will be of easy use to evaluation stakeholders. | AZ2: ='Review Template'!K118 -> The opening page needs to include the location of the evaluated object and the annexes need to include the TORs, list of people interviewed, site visits, evaluation matrix, and results chain. The report does not fully seem to answer all evaluation questions, it would be good if it followed the findings followed the order of evaluation questions, or that the answers to the questions are somehow highlighted in the text. | BA2: ='Review Template'!D126 -> The report is logically structured and coherent. However, given that the findings do not respond to the evaluation questions systematically, it is hard to say whether or not it will be of easy use to evaluation stakeholders. Some items are also missing in the annexes. | BB2: ='Review Template'!F134 -> Mostly | BC2: ='Review Template'!G134 -> Not all the six sections are of good enough quality to be confident to act | BD2: ='Review Template'!F135 -> Mostly | BE2: ='Review Template'!G135 -> For the most part, the six sections hold together logically. However, a clearer link between the project's results chain and achieved results needs to be drawn. | BF2: ='Review Template'!F130 -> 0 | BG2: ='Review Template'!F131 -> 0 | BH2: ='Review Template'!G137 -> 0 | BI2: ='Review Template'!K15 -> No | BJ2: ='Review Template'!F129 -> TORs were not included. Include TORs in the final draft. | BK2: ='Review Template'!G136 -> 0 | BL2: ='Review Template'!G32 -> The evaluation thoroughly explains what the project aims to do, and includes its general and specific objectives. The thorough description of the context in terms of economic, social, and institutional issues, sheds light to the problem that it is trying to resolve. The evaluation includes the population groups and number of people reached, as well as the overarching national strategies and goals to which it is aligned. | BM2: ='Review Template'!G36 -> The initial problem is well identified in the context sections and it is linked to the project's expected results. Even though the desired outcomes at different levels (beneficiary, community, country, and national), it would also be helpful to include clearly the results chain itself; linking activities, to expected outputs, and expected outputs to expected results. Even though the reader can guess more or less what the results chain is, it could be make more explicit in the text. For example, it is not explicit how the identification of "invisible children" will contribute to any of the expected outcomes listed. | BN2: ='Review Template'!G38 -> The key stakeholders, including the beneficiaries (right-holders), governmental institutions (duty-bearers) and UNICEF are identified. The roles and contributions of UNICEF and government institutions are identified. However the exact financial contributions of UNICEF are not clear. | BO2: ='Review Template'!G42 -> The phases of the project are all listed in section 2.6. | BP2: ='Review Template'!G47 -> The purpose helps the reader understand why the evaluation is needed at this time, the information needed, who will be using it. However, it forgets to mention how the information will be used (i.e. for scale-up). The scope of the evaluation is clear but its specific objectives are not identified. | BQ2: ='Review Template'!G51 -> The evaluation lists all of the evaluation criteria and evaluation questions that will be addressed. Even though these seem to be relevant to the purpose of the evaluation, they are not explicitly justified. The evaluation provides the definition of each evaluation criteria and justifies why humanitarian criteria will not e used. However, the selection of other criteria is not explained in the report. | BR2: ='Review Template'!G57 -> All of the data collection and analysis methods and sampling strategies are explained but the rationale for using the specified methods is not always included. Limitations are specified and efforts to tackle these are reflected. Data sources are also mentioned (people to be included in surveys, FGDs, interviews), but no rationale for selection is provided. | BS2: ='Review Template'!G60 -> p.21 sheds light to ethical considerations of including and excluding stakeholders in the evaluation, measures taken when including children in the data collection process, and ensuring confidentiality. A discussion on how ethical the design of the programme was is not included. Also the quotes from respondents sometime give enough information about the participant to track his/her identity. | BT2: ='Review Template'!G63 -> The capability of the project to monitor data on invisible children is assessed. There is no evidence that the M&E framework of the project was used in this assessment. The logic model was no clearly articulated and therefore it is not known whether or not it was used to guide the assessment. | BU2: ='Review Template'!G66 -> The evaluation framework includes questions on Equity, HRBAP, and Gender. Data was disaggregated by socio-demographics and vulnerabilities. The evaluation does not consider whether the project was managed according to human rights and gender monitoring. But as part of the project, the evaluation assesses the quality of monitoring in databases to identify vulnerable children. The methodology does not mention much about human rights, gender and equity approaches, but the findings and conclusions reflect an analysis the project's ability to respond to vulnerable children's rights. The methodology highlights that data is to be disaggregated by gender and other vulnerabilities, and this disaggregation is reflected in the findings (e.g. p.43). | BV2: ='Review Template'!G72 -> Although the methodology mentions the use of a participatory approach of stakeholders in the evaluation, it does specify how stakeholders were involved in the process. | BW2: ='Review Template'!G75 -> A counterfactual is constructed to assess the contribution of HIC activities. There is no link drawn between the methodology and the evaluation questions. Given that appropriate efforts were made to tackle limitations, they are acceptable. | BX2: ='Review Template'!G82 -> The findings look at the performance of the project according to the different activities (i.e. identification of invisible children, assessment of vulnerabilities, etc) and draws comparison with the control group throughout to address the contribution of HIC. However, the link between the project performance in each activity and the actual outcome is weak, as it does not go further to assess whether it contributed to higher level results, such as those listed in section 2.7 (Desired Outcomes), for example how does enhancing capacity to reach "invisible children" improve children's welfare?. When comparing the evaluation questions of effectiveness with the findings, there is a weak link from one to another. In other words, the evaluation questions are not answered in a systematic manner, and it is difficult to know what the answer for question is and to judge whether or not each evaluation question has been answered. Though methodological limitations are discussed, limitations in answering evaluation questions in a satisfactory manner are not discussed. Unexpected findings (bottleneck and barriers) in addressing vulnerable children's needs are given but the implications of these are not given. | BY2: ='Review Template'!G88 -> There is a brief analysis on the cost (p.81) and comparisons are drawn. However, since this evaluation is about a project that is to scale up, it would be useful to have the cost implications of this. | BZ2: ='Review Template'!G90 -> The evaluation attributes results to the programme reasonably, but contribution is not assigned to specific stakeholders. Reasons for accomplishments and failures are identified and are based on evidence, thanks to the counterfactual analysis as well as opinions of stakeholders. | CA2: ='Review Template'!G93 -> Under sustainability some implications of continuing constraints are discussed. The strengths and weaknesses are well balanced. | CB2: ='Review Template'!G96 -> The conclusions present insights into the findings and syntheses the main messages by identifying the key problems. The conclusions add value to the report because it helps to understand what the main findings are and what it means to stakeholders in the context of the programme. The conclusions reflect a wide range of opinions. | CC2: ='Review Template'!G103 -> The recommendations are drawn directly from the findings and conclusions. Although the recommendations are clearly stated and numbered, efforts to prioritize are not reflected. | CD2: ='Review Template'!G107 -> Although the recommendations are clearly based on the evidence it is hard to say how realistic they are given that they do not target a group for action and not describe the process followed when developing them. | CE2: ='Review Template'!G111 -> No lessons learned are identified | CF2: ='Review Template'!G117 -> The opening pages are missing the location of the evaluated object and the annexes need to include the TORs, list of people interviewed, site visits, evaluation matrix, and results chain. The report is easy to read and logically structured. | CG2: ='Review Template'!G122 -> The executive summary is to be added to the next versions of the report. | CH2: ='Review Template'!F32 -> Yes | CI2: ='Review Template'!F33 -> Yes | CJ2: ='Review Template'!F34 -> Yes | CK2: ='Review Template'!F36 -> Mostly | CL2: ='Review Template'!F38 -> Yes | CM2: ='Review Template'!F39 -> Yes | CN2: ='Review Template'!F40 -> Mostly | CO2: ='Review Template'!F42 -> Yes | CP2: ='Review Template'!F47 -> Mostly | CQ2: ='Review Template'!F48 -> Mostly | CR2: ='Review Template'!F49 -> Mostly | CS2: ='Review Template'!F51 -> Mostly | CT2: ='Review Template'!F52 -> Mostly | CU2: ='Review Template'!F57 -> Mostly | CV2: ='Review Template'!F58 -> Mostly | CW2: ='Review Template'!F60 -> Mostly | CX2: ='Review Template'!F61 -> Mostly | CY2: ='Review Template'!F63 -> Yes | CZ2: ='Review Template'!F64 -> Mostly | DA2: ='Review Template'!F66 -> Yes | DB2: ='Review Template'!F67 -> Mostly | DC2: ='Review Template'!F68 -> Yes | DD2: ='Review Template'!F69 -> Yes | DE2: ='Review Template'!F70 -> Yes | DF2: ='Review Template'!F72 -> No | DG2: ='Review Template'!F73 -> No | DH2: ='Review Template'!F75 -> Yes | DI2: ='Review Template'!F76 -> No | DJ2: ='Review Template'!F77 -> Yes | DK2: ='Review Template'!F82 -> Yes | DL2: ='Review Template'!F83 -> Mostly | DM2: ='Review Template'!F84 -> Mostly | DN2: ='Review Template'!F85 -> No | DO2: ='Review Template'!F86 -> Mostly | DP2: ='Review Template'!F88 -> Mostly | DQ2: ='Review Template'!F90 -> Mostly | DR2: ='Review Template'!#REF! -> #REF! | DS2: ='Review Template'!F91 -> Yes | DT2: ='Review Template'!F93 -> Yes | DU2: ='Review Template'!F94 -> Yes | DV2: ='Review Template'!F96 -> Yes | DW2: ='Review Template'!F98 -> Yes | DX2: ='Review Template'!F103 -> Yes | DY2: ='Review Template'!F104 -> Yes | DZ2: ='Review Template'!F105 -> Mostly | EA2: ='Review Template'!F107 -> No | EB2: ='Review Template'!F108 -> Mostly | EC2: ='Review Template'!F109 -> No | ED2: ='Review Template'!F111 -> No | EE2: ='Review Template'!F112 -> No | EF2: ='Review Template'!F117 -> Mostly | EG2: ='Review Template'!F118 -> Yes | EH2: ='Review Template'!F119 -> Mostly | EI2: ='Review Template'!F120 -> Mostly | EJ2: ='Review Template'!F122 -> No | EK2: ='Review Template'!F123 -> N/A | EL2: ='Review Template'!F124 -> N/A | EM2: ='Review Template'!F125 -> N/A
